cohdb
Replays
Latest Replays
All Replays
Popular Replays
Top Player Replays
Match Explorer
How It Works
Community
CoH3 Stats
Reddit
Sign in to upload your games and track your stats! →
Sign in with Steam
Match 44518890
Unlisted
Match 44518890
Overview
Messages
Build Orders
End
Construct Weapon Support Center
Engineer Squad
Selects Special Operations Battlegroup
Selects M29 Weasel Recon Vehicle
M29 Weasel Recon Vehicle
M1919 Machine Gun Team
M1919 Machine Gun Team
Construct Barracks
Riflemen Squad
Infantry Support Center
Riflemen Squad
Grenade Package
Construct Medical Station
Watson
Gwangju's Hero Chun Doo-gwang
[TB] Pvt. Mike
Cleopatra
0
0
Comments
sign in to comment!
No comments posted yet!